[Event "Kupreichik Memorial Open 2018"]
[Site "Minsk"]
[Date "2018.06.23"]
[Round "11"]
[White "Talma, Sergei"]
[Black "Mialik, Uladzislau"]
[Result "1-0"]
[ECO "B06"]
[WhiteElo "1858"]
[BlackElo "1768"]
[Annotator "NA"]
[PlyCount "135"]
[EventDate "2018.06.21"]
[EventCountry "BLR"]
[SourceTitle "playchess.com"]
[Source "ChessBase"]
[SourceQuality "1"]
[TimeControl "900+10"]

1. d4 g6 2. e4 Bg7 3. Nc3 d6 4. Bg5 Nf6 5. e5 Nfd7 6. exd6 cxd6 7. Qd2 Nc6 8. Nf3 Qa5 9. O-O-O Nf6 10. d5 Nb4 11. a3 Na6 12. Re1 Nc7 13. Bc4 Bd7 14. Nd4 Rc8 15. Nb3 Ne4 16. Nxe4 Qxd2+ 17. Nbxd2 Kf8 18. Nc3 f6 19. Bf4 Kf7 20. Bb3 h6 21. h4 b6 22. Nc4 Bf8 23. f3 Na6 24. Be3 Bg7 25. Re2 f5 26. Rhe1 Bf6 27. Bf4 b5 28. Na5 Nc5 29. Nc6 Nxb3+ 30. cxb3 Bxc6 31. dxc6 Rxc6 32. Kb1 g5 33. hxg5 hxg5 34. Bd2 a6 35. Nd5 e5 36. Nb4 Rcc8 37. Nxa6 d5 38. Nb4 d4 39. Nd3 Rhe8 40. Nxe5+ Kg7 41. f4 g4 42. g3 Re7 43. Bb4 Rec7 44. Bd6 Rb7 45. Nd3 Rh8 46. Be5 Rh3 47. Bxf6+ Kxf6 48. Re6+ Kf7 49. Rd6 Rxg3 50. Ne5+ Kg7 51. Rg6+ Kf8 52. Rf6+ Kg7 53. Rg6+ Kh8 54. Rh1+ Rh3 55. Rg1 Rxb3 56. Rg5 Rg7 57. Rxf5 g3 58. Nf7+ Kg8 59. Ng5 Re3 60. Kc2 d3+ 61. Kd2 Rge7 62. Re5 R7xe5 63. fxe5 Rxe5 64. Rxg3 Re2+ 65. Kc3 Rc2+ 66. Kb3 Rc6 67. Rxd3 Kf8 68. Rd5 1-0

[Event "Kupreichik Memorial Open 2018"]
[Site "Minsk"]
[Date "2018.06.23"]
[Round "11"]
[White "Tyurin, Artem"]
[Black "Maslak, Alexander"]
[Result "1/2-1/2"]
[ECO "E68"]
[WhiteElo "1855"]
[BlackElo "2127"]
[Annotator "NA"]
[PlyCount "25"]
[EventDate "2018.06.21"]
[EventCountry "BLR"]
[SourceTitle "playchess.com"]
[Source "ChessBase"]
[SourceQuality "1"]
[TimeControl "900+10"]

1. Nf3 g6 2. g3 Bg7 3. Bg2 d6 4. O-O Nf6 5. d4 O-O 6. c4 Nbd7 7. Nc3 e5 8. e4 exd4 9. Nxd4 a5 10. Qc2 Nc5 11. Rd1 Re8 12. Be3 c6 13. h3 1/2-1/2

[Event "Kupreichik Memorial Open 2018"]
[Site "Minsk"]
[Date "2018.06.23"]
[Round "11"]
[White "Kruglikova, Viktorija"]
[Black "Svjatocho, Andrej"]
[Result "1-0"]
[ECO "B02"]
[WhiteElo "1839"]
[BlackElo "1979"]
[Annotator "NA"]
[PlyCount "109"]
[EventDate "2018.06.21"]
[EventCountry "BLR"]
[SourceTitle "playchess.com"]
[Source "ChessBase"]
[SourceQuality "1"]
[TimeControl "900+10"]

1. e4 Nf6 2. e5 Nd5 3. c4 Nb6 4. d4 d6 5. Nf3 Bg4 6. exd6 exd6 7. Be2 Be7 8. O-O O-O 9. Be3 Bf6 10. Nbd2 d5 11. c5 Nc8 12. h3 Bf5 13. Qb3 b6 14. Rac1 c6 15. Rfe1 Ne7 16. Nf1 Nd7 17. cxb6 axb6 18. Ng3 Bg6 19. a3 Qb8 20. Nh2 Bh4 21. Nhf1 Qd6 22. Bd3 c5 23. Bxg6 hxg6 24. Qc2 Rac8 25. Qe2 Bf6 26. Qg4 Nc6 27. Bf4 Be5 28. dxe5 Qe7 29. e6 fxe6 30. Bg5 Qf7 31. Qxe6 Nd4 32. Qxf7+ Rxf7 33. Ne3 Ne6 34. h4 d4 35. Nc4 Rc6 36. Ne5 Nxe5 37. Rxe5 Rd7 38. Bd2 c4 39. Rce1 Nc5 40. Re8+ Kf7 41. Bg5 d3 42. Bd2 Na4 43. Bb4 g5 44. h5 Nc5 45. Nf1 Re6 46. R8xe6 Nxe6 47. Nd2 b5 48. a4 bxa4 49. Nxc4 Rd4 50. Ne5+ Kf6 51. Bc3 d2 52. Rd1 Kxe5 53. Rxd2 Kd5 54. Bxd4 Nxd4 55. Kh2 1-0

[Event "Kupreichik Memorial Open 2018"]
[Site "Minsk"]
[Date "2018.06.23"]
[Round "11"]
[White "Shvedau, Mikhail"]
[Black "Sadovnikov, Konstantin"]
[Result "1-0"]
[ECO "A01"]
[WhiteElo "1742"]
[BlackElo "1907"]
[Annotator "NA"]
[PlyCount "63"]
[EventDate "2018.06.21"]
[EventCountry "BLR"]
[SourceTitle "playchess.com"]
[Source "ChessBase"]
[SourceQuality "1"]
[TimeControl "900+10"]

1. b3 c5 2. Bb2 Nc6 3. e3 Nf6 4. d4 cxd4 5. exd4 d5 6. c4 e6 7. Nf3 Bb4+ 8. Nbd2 O-O 9. Bd3 h6 10. O-O b6 11. Rc1 Bb7 12. a3 Be7 13. Bb1 Rc8 14. Qc2 g6 15. Ne5 Nxe5 16. dxe5 Nd7 17. Qd3 Nc5 18. Qg3 Kg7 19. b4 Na4 20. Ba1 dxc4 21. Nxc4 Ba6 22. Nd6 Rc7 23. Nxf7 Rxf7 24. Bxg6 Bxf1 25. Bxf7+ Kxf7 26. Qf3+ Kg7 27. Qg4+ Kh8 28. Rxc7 Qxc7 29. Qxe6 Bd3 30. Qxh6+ Kg8 31. e6 Bf8 32. Qh8# 1-0

[Event "Kupreichik Memorial Open 2018"]
[Site "Minsk"]
[Date "2018.06.23"]
[Round "11"]
[White "Korniichuk, Oleksandra"]
[Black "Polovkov, Valery"]
[Result "1/2-1/2"]
[ECO "B90"]
[WhiteElo "1740"]
[BlackElo "1830"]
[Annotator "NA"]
[PlyCount "161"]
[EventDate "2018.06.21"]
[EventCountry "BLR"]
[SourceTitle "playchess.com"]
[Source "ChessBase"]
[SourceQuality "1"]
[TimeControl "900+10"]

1. e4 c5 2. Nf3 d6 3. d4 cxd4 4. Nxd4 Nf6 5. Nc3 a6 6. Be3 e5 7. Nb3 Be6 8. Be2 Be7 9. O-O b5 10. f3 Nbd7 11. Qd2 Nb6 12. Rad1 Nc4 13. Qc1 Nxe3 14. Qxe3 Qc7 15. Kh1 O-O 16. Qd2 Rac8 17. Rc1 Bc4 18. Bxc4 bxc4 19. Na1 Rfd8 20. Nd5 Nxd5 21. Qxd5 Bg5 22. Rb1 Qb6 23. b4 Qd4 24. Rfd1 Qc3 25. a4 Be3 26. Qb7 Ra8 27. Qc7 Bd4 28. b5 axb5 29. axb5 Qa5 30. Qxa5 Rxa5 31. c3 Bc5 32. Nc2 Rb8 33. b6 Ra6 34. h3 Raxb6 35. Nb4 g6 36. Ra1 Bxb4 37. cxb4 Rc6 38. Ra4 c3 39. Rc1 Rc4 40. Ra3 Rbxb4 41. Raxc3 Rxc3 42. Rxc3 Rb1+ 43. Kh2 Rd1 44. Rc7 Kg7 45. Kg3 Kf6 46. Rd7 Ke6 47. Rd8 d5 48. exd5+ Rxd5 49. Re8+ Kf5 50. Re7 Kf6 51. Re8 Rd4 52. Kf2 Rd2+ 53. Kg3 h5 54. h4 Kf5 55. Ra8 f6 56. Rf8 Rd4 57. Rh8 e4 58. fxe4+ Rxe4 59. Ra8 Re5 60. Ra4 Re3+ 61. Kh2 Re4 62. Ra5+ Kg4 63. Ra6 Rf4 64. Ra2 Rb4 65. Ra6 Rf4 66. Ra2 g5 67. hxg5 Kxg5 68. Ra5+ f5 69. Ra8 Rg4 70. g3 Kf6 71. Rh8 Rg5 72. Kh3 Kg7 73. Rd8 Rg4 74. Rd6 Rg6 75. Rd7+ Kh6 76. Rf7 Kg5 77. Rd7 Re6 78. Rd4 Re3 79. Ra4 Re4 80. Ra8 Rb4 81. Rg8+ 1/2-1/2

[Event "Kupreichik Memorial Open 2018"]
[Site "Minsk"]
[Date "2018.06.23"]
[Round "11"]
[White "Kozlov, Valentin"]
[Black "Uzlavataya, Anhelina"]
[Result "0-1"]
[ECO "B03"]
[WhiteElo "1553"]
[BlackElo "1925"]
[Annotator "NA"]
[PlyCount "134"]
[EventDate "2018.06.21"]
[EventCountry "BLR"]
[SourceTitle "playchess.com"]
[Source "ChessBase"]
[SourceQuality "1"]
[TimeControl "900+10"]

1. e4 Nf6 2. e5 Nd5 3. d4 d6 4. c4 Nb6 5. exd6 cxd6 6. Nf3 g6 7. Nc3 Bg7 8. Be3 O-O 9. Be2 Nc6 10. O-O e5 11. d5 Ne7 12. Bg5 h6 13. Bd2 f5 14. Rc1 e4 15. Nh4 g5 16. c5 dxc5 17. d6 Qxd6 18. Nb5 Qc6 19. Bb4 gxh4 20. Bxc5 Qf6 21. Bd4 Qg5 22. Qb3+ Kh7 23. Bxg7 Qxg7 24. Rc7 Nbd5 25. Bc4 Nxc7 26. Nxc7 Rb8 27. Na6 bxa6 28. Qxb8 Be6 29. Qb3 Bxc4 30. Qxc4 Ng6 31. Rd1 Ne5 32. Qxa6 Rg8 33. g3 hxg3 34. fxg3 Nd3 35. Qb5 Qg5 36. Rf1 f4 37. Qb7+ Kh8 38. Qxe4 fxg3 39. h4 Qc5+ 40. Kg2 Nf2 41. Qf4 Qd5+ 42. Qf3 Qxf3+ 43. Kxf3 g2 44. Rg1 Nh3 45. Rxg2 Rxg2 46. Kxg2 Nf4+ 47. Kf3 Ng6 48. Kg4 Kg7 49. b4 Ne7 50. a4 Kg6 51. b5 h5+ 52. Kf3 Nd5 53. a5 Kf5 54. Kg3 Ke4 55. Kh3 Kf3 56. b6 axb6 57. axb6 Nxb6 58. Kh2 Kg4 59. Kg2 Kxh4 60. Kh2 Kg4 61. Kg2 Nd5 62. Kh2 Nf4 63. Kh1 Kg3 64. Kg1 Nh3+ 65. Kh1 Nf2+ 66. Kg1 h4 67. Kf1 h3 0-1